 Dungeon Sprint DCSS version 0.19.1-1-g22dce08 (webtiles) character file.

291 loralnil the Skirmisher (level 6, 0/55 HPs)
             Began as a Demonspawn Fighter on Jan 7, 2017.
             Was a Follower of Qazlal.
             Slain by an unseen horror (2 damage)
             ... while paralysed
             ... in the Dungeon (Sprint IX: "|||||||||||||||||||||||||||||").
             The game lasted 00:01:42 (262 turns).

loralnil the Skirmisher (Demonspawn Fighter)         Turns: 262, Time: 00:01:43

Health: 0/55       AC: 15    Str: 18    XL:     6   Next: 10%
Magic:  5/9        EV:  2    Int: 13    God:    Qazlal [*.....]
Gold:   0          SH:  0    Dex: 15    Spells: 0 memorised, 5 levels left

rFire  . . .     SeeInvis .     a - +0 long sword
rCold  . . .     Gourm    .     r - +0 plate armour
rNeg   . . .     Faith    .     c - +0 shield
rPois  .         Spirit   .     (no helmet)
rElec  .         Reflect  .     q - +0 cloak
rCorr  .         Harm     .     p - +0 pair of gloves
MR     .....     NoTele   +     (no boots)
Stlth  ..........               (no amulet)
                                t - +3 ring of dexterity
                                s - +3 ring of intelligence

@: paralysed, exhausted, slowed
A: foul stench 1, rot immunity
a: Renounce Religion


You were in the Dungeon.
You worshipped Qazlal.
Qazlal was aware of your devotion.
You were not hungry.

You visited 1 branch

Inventory:

Hand Weapons
 a - a +0 long sword (weapon)
 o - a +1 broad axe of freezing
Armour
 c - a +0 shield (worn)
 p - a +0 pair of gloves (worn)
 q - a +0 cloak (worn)
 r - a +0 plate armour (worn)
Jewellery
 s - a +3 ring of intelligence (left hand)
 t - a +3 ring of dexterity (right hand)
Wands
 n - a wand of acid (7/15)
Scrolls
 k - 2 scrolls of blinking
 l - 3 scrolls of remove curse
 m - 2 scrolls of amnesia
Potions
 d - a potion of invisibility
 e - 5 potions of curing
 g - 3 potions of heal wounds
 h - a potion of haste
 i - 4 potions of magic
Comestibles
 f - a bread ration


   Skills:
 + Level 7.0 Fighting
 + Level 5.4 Long Blades
 + Level 6.3 Armour
 + Level 1.3 Dodging
 + Level 6.2 Shields
 * Level 4.1 Invocations


You had 5 spell levels left.
You didn't know any spells.

Dungeon Overview and Level Annotations

Branches:
Dungeon (1/1)

Altars:
Cheibriados
Dithmenos
Elyvilon
Fedhas
Gozag
Hepliaklqana
Kikubaaqudgha
Makhleb
Nemelex Xobeh
Okawaru
Qazlal
Ru
Sif Muna
Trog
Uskayaw
Vehumet
Xom
Yredelemnul
Zin
The Shining One
Beogh
Jiyva
Lugonu


Innate Abilities, Weirdness & Mutations

You may emit foul miasma when damaged in melee.
You are immune to rotting.


Message History

* * * LOW HITPOINT WARNING * * *
Something hits you.
* * * LOW HITPOINT WARNING * * *
You miss something. Something hits you but does no damage.
You closely miss something. You block something's attack.
You slice something!! Something hits you.
* * * LOW HITPOINT WARNING * * *
Something hits you but does no damage.
You miss something.
You are no longer berserk.
You pass out from exhaustion.
You feel yourself slow down. Something hits you.
* * * LOW HITPOINT WARNING * * *
Something hits you.
* * * LOW HITPOINT WARNING * * *
Something hits you.
* * * LOW HITPOINT WARNING * * *
Something hits you but does no damage. Something hits you.
You die...

▓.▓
▓.▓
▓|▓
▓)▓
▓.▓
▓.▓
▓.▓
▓.▓
▓@▓
▓{▓
▓5▓
▓5▓
▓.▓
▓.▓
▓.▓
▓.▓


You could see a quasit and a crimson imp.

Vanquished Creatures
  An ogre (D)
  A howler monkey (D)
  3 crimson imps (D)
  A jelly (D)
  A worker ant (D)
  An orc (D)
  A bat (D)
  A giant cockroach (D)
  A hobgoblin (D)
  A frilled lizard (D)
  A rat (D)
13 creatures vanquished.

Notes
Turn   | Place    | Note
-------+----------+-------------------------------------------
     0 | D        | loralnil the Demonspawn Fighter began the quest for the Orb.
     0 | D        | Reached XP level 1. HP: 18/18 MP: 1/1
   130 | D        | Noticed a howler monkey
   130 | D        | Noticed a jelly
   130 | D        | Noticed a crimson imp
   130 | D        | Noticed a worker ant
   135 | D        | Killed a howler monkey
   135 | D        | Reached skill level 5 in Fighting
   135 | D        | Gained mutation: You are immune to rotting. [demonic ancestry]
   135 | D        | Reached XP level 2. HP: 27/27 MP: 2/2
   135 | D        | Gained mutation: You may emit foul miasma when damaged in melee. [demonic ancestry]
   135 | D        | Reached XP level 3. HP: 33/33 MP: 3/3
   136 | D        | Reached XP level 4. HP: 39/39 MP: 4/4
   149 | D        | Reached skill level 6 in Fighting
   149 | D        | Reached skill level 5 in Armour
   149 | D        | Reached skill level 5 in Shields
   173 | D        | Found a roughly hewn altar of Beogh.
   173 | D        | Found a snail-covered altar of Cheibriados.
   173 | D        | Found a shadowy altar of Dithmenos.
   173 | D        | Found a white marble altar of Elyvilon.
   173 | D        | Found a blossoming altar of Fedhas.
   173 | D        | Found an opulent altar of Gozag.
   174 | D        | Found a hazy altar of Hepliaklqana.
   175 | D        | Found a viscous altar of Jiyva.
   176 | D        | Found an ancient bone altar of Kikubaaqudgha.
   177 | D        | Found a corrupted altar of Lugonu.
   178 | D        | Found a burning altar of Makhleb.
   179 | D        | Found a sparkling altar of Nemelex Xobeh.
   180 | D        | Found an iron altar of Okawaru.
   181 | D        | Found a stormy altar of Qazlal.
   182 | D        | Found a sacrificial altar of Ru.
   183 | D        | Found a deep blue altar of Sif Muna.
   184 | D        | Found a bloodstained altar of Trog.
   185 | D        | Found a hide-covered altar of Uskayaw.
   186 | D        | Found a radiant altar of Vehumet.
   187 | D        | Found a shimmering altar of Xom.
   188 | D        | Found a basalt altar of Yredelemnul.
   189 | D        | Became a worshipper of Qazlal Stormbringer
   190 | D        | Found a glowing silver altar of Zin.
   191 | D        | Found a glowing golden altar of the Shining One.
   245 | D        | Noticed an ogre
   250 | D        | Killed an ogre
   250 | D        | Reached skill level 5 in Long Blades
   250 | D        | Reached skill level 1 in Dodging
   250 | D        | Reached XP level 5. HP: 30/47 MP: 4/7
   253 | D        | Reached * piety under Qazlal
   253 | D        | Reached skill level 7 in Fighting
   253 | D        | Reached XP level 6. HP: 36/55 MP: 4/9
   260 | D        | HP: 2/55 [something (2)]
   262 | D        | Slain by an unseen horror

Skill      XL: |  1  2  3  4  5 |
---------------+----------------+-----
Shields        | 4 5 6 |  6.2
Long Blades    | 3 5 |  5.4
Armour         | 4 6 |  6.3
Fighting       | 5 6 7 |  7.0
Dodging        | 1 |  1.3
Invocations    | 3 4 |  4.1

Action                   |  1- 3 |  4- 6 || total
-------------------------+-------+-------++-------
Melee: Long sword        |    28 |    21 ||    49
  Use: Potion            |     1 |     1 ||     2
Armor: Scale mail        |    23 |     3 ||    26
       Plate armour      |       |     5 ||     5
Dodge: Dodged            |     6 |     3 ||     9
Block: Shield            |     8 |     7 ||    15
       Rpst.: Long sword |       |     1 ||     1
